 Dungeon Crawl Stone Soup version 0.29-a0-284-gf9362112df (webtiles) character file.

Game seed: 10357807244600436597

124 spaghetti the Changer (level 4, -1/32 HPs)
             Began as a Demonspawn Transmuter on Mar 24, 2022.
             Was a Follower of Fedhas.
             Frozen to death by an endoplasm (3 damage)
             ... on level 4 of the Dungeon.
             The game lasted 00:06:13 (4374 turns).

spaghetti the Changer (Demonspawn Transmuter)       Turns: 4374, Time: 00:06:13

Health: -1/32      AC:  5    Str:  8 (10) XL:     4   Next: 81%
Magic:  5/7        EV: 10    Int: 17      God:    Fedhas [*.....]
Gold:   184        SH:  7    Dex: 11 (13) Spells: 4/7 levels left

rFire   . . .      SeeInvis .   f - +4 falchion {long}
rCold   . . .      Faith    .   i - +0 kite shield
rNeg    . . .      Spirit   .   a - +0 robe
rPois   .          Reflect  .   (no helmet)
rElec   .          Harm     .   g - +0 cloak
rCorr   .          Rampage  .   (no gloves)
Will    .....                   (no boots)
Stlth   +.........              (no amulet)
HPRegen 0.10/turn               (no ring)
MPRegen 0.10/turn               (no ring)

@: wereblooded
A: thin metallic scales 1, deterioration 1
a: Renounce Religion


You were on level 4 of the Dungeon.
You worshipped Fedhas.
Fedhas was aware of your devotion.
You visited 1 branch of the dungeon, and saw 4 of its levels.

You collected 184 gold pieces.


Innate Abilities, Weirdness & Mutations

You are partially covered in thin metallic scales. (AC +2)
Your body sometimes deteriorates upon taking damage.


   Skills:
 - Level 1.0 Fighting
 - Level 1.7 Dodging
 + Level 1.0 Shields
 - Level 2.6 Unarmed Combat
 - Level 2.0 Spellcasting
 + Level 3.4 Transmutations
 * Level 2.1 Ice Magic
 + Level 1.4 Invocations


You had 4 spell levels left.
You knew the following spells:

 Your Spells              Type           Power      Damage    Failure   Level
a - Beastly Appendage     Tmut           26%        N/A       16%         1
b - Wereblood             Tmut           13%        N/A       24%         2

Your spell library contained the following spells:

 Spells                   Type           Power      Damage    Failure   Level
 Ozocubu's Armour         Ice            8%         N/A       63%         3
 Corpse Rot               Necr/Air       2%         N/A       69%         2
 Poisonous Vapours        Pois/Air       2%         N/A       69%         2
 Spider Form              Tmut/Pois      7%         N/A       69%         3
 Tukima's Dance           Hex            1%         N/A       89%         3
 Ice Form                 Ice/Tmut       11%        N/A       91%         4
 Anguish                  Hex/Necr       0%         N/A       100%        4
 Enfeeble                 Hex            0%         N/A       100%        7
 Ozocubu's Refrigeration  Ice            4%         4d5       100%        7

Inventory:

Hand Weapons
 b - a +0 dagger {short}
   (You took it off a kobold on level 1 of the Dungeon)
 f - a +4 falchion (weapon) {long}
   (You took it off an orc priest on level 3 of the Dungeon)
Missiles
 c - 43 stones (quivered) {throwing}
 d - 9 poisoned darts {throwing}
Armour
 a - a +0 robe (worn)
 g - a +0 cloak (worn)
   (You found it on level 3 of the Dungeon)
 i - a +0 kite shield (worn)
   (You took it off a goblin on level 2 of the Dungeon)
 j - an orb of energy
   (You found it on level 2 of the Dungeon)
Scrolls
 e - a scroll of immolation {!r!r}
 h - a scroll of amnesia

Dungeon Overview and Level Annotations

Branches:
Dungeon (4/15)
 Temple: D:4-7

Altars:
Fedhas
Okawaru

Annotations:
D:4 Natasha

...#......
#.$..#.⌠.#..
#...........
#.....#$#.#
#.........##
#......#....
#.o......###
#@J..(......
######.#.#)#
#


You could see an orc and an endoplasm.


Message History

* * * LOW HITPOINT WARNING * * *
The ball python constricts you. You block Natasha's attack. 😨 HP[-6]
You take 6 damage, and now have 9/32 hp.
Okay, then.
As you read the scroll labelled QIEM PISHRUI, it crumbles to dust.
It is a scroll of identify.
h - a scroll of amnesia The ball python closely misses you.
The ball python constricts you. The crimson imp closely misses you.
The ball python bites you.
* * * LOW HITPOINT WARNING * * *
The ball python constricts you. Natasha claws you.
* * * LOW HITPOINT WARNING * * *
The crimson imp completely misses you. 😱 HP[-6]
You take 6 damage, and now have 3/32 hp.
As you read the scroll labelled HAF METZUCEO, it crumbles to dust.
The scroll dissolves into smoke.
It was a scroll of fog.
The ball python closely misses you. The ball python constricts you.
You block Natasha's attack. You block the crimson imp's attack.
The ball python bites you but does no damage.
The ball python constricts you.
Natasha stares at you and mumbles some strange words.
You resist with some effort.
As you read the scroll labelled UTSAUPRUXIY, it crumbles to dust.
You feel a surge of unholy energy.
Natasha convulses!
It was a scroll of torment.
Your surroundings suddenly seem different.
Something loses its grip on you.
The crimson imp blinks!
Natasha stares at you and mumbles some strange words.
You resist with some effort.
You aren't carrying any potions.
Okay, then.
As you read the scroll of teleportation {@r4}, it crumbles to dust.
You feel strangely unstable.
Natasha casts a spell.
The ball python hisses angrily.
The shadow imp shouts!
Natasha casts a spell at you. You resist with some effort. 😱 HP[+1]
The ball python attacks as you move away!
The ball python bites you.
* * * LOW HITPOINT WARNING * * *
The ball python closely misses you.
Your surroundings suddenly seem different.
A kobold and an orc come into view. 😱 HP[-1]
You take 1 damage, and now have 3/32 hp.
You aren't carrying any potions.
The kobold shouts!
Okay, then.
Okay, then.
You aren't carrying any items that you can evoke.
You aren't carrying any potions.
Okay, then.
Casting: Wereblood (dangerous; 24% risk of failure)
Confirm with . or Enter, or press ? or * to list all spells.
You grow a pair of large bovine horns.
Your feet morph into talons.
The orc shouts!
An adder comes into view.
An endoplasm comes into view.
The adder moves out of view. 😱 HP[+1] MP[-1]
You lost 1 mp, and now have 6/7 mp.
Casting: Beastly Appendage (safe; 16% risk of failure)
Confirm with . or Enter, or press ? or * to list all spells.
Your blood is infused with primal strength.
The endoplasm quivers. 😱 MP[-2]
You lost 2 mp, and now have 4/7 mp.
You aren't carrying any items that you can evoke.
Throw: 44 stones {throwing}
Press: ? - help, Q - select action, (/) - cycle Shift-Dir - straight line, f - kobold
Aim: a kobold, wielding a +0 dagger (45% to hit)
You throw a stone {throwing}.
The stone {throwing} barely misses the kobold.
The stone {throwing} hits the orc.
You closely miss the kobold. You claw the kobold.
You block the kobold's attack. x2; The orc barely misses you.
You barely miss the orc. Your kick misses the orc.
Your headbutt misses the orc. The kobold hits you but does no damage.
The orc hits you but does no damage. The kobold closely misses you.
The orc hits you but does no damage. The orc hits you with a +0 club.
* * * LOW HITPOINT WARNING * * *
You block the kobold's attack. 😱 HP[-2]
You take 2 damage, and now have 2/32 hp.
You slash the kobold!
You feel a bit better.
You kill the kobold!
Fedhas appreciates your contribution to the ecosystem.
Your horns disappear.
Your talons disappear.
You feel yourself speed up. The orc hits you but does no damage.
You block the orc's attack.
The endoplasm barely misses you. 😱 HP[+3] MP[+1]
You regained 3 hp, and now have 5/32 hp.
You hit the endoplasm. The orc hits you with a +0 club.
* * * LOW HITPOINT WARNING * * *
The endoplasm freezes you.
You are frozen.
You die...
Fedhas appreciates your contribution to the ecosystem.

Skill      XL: |  1  2  3  4 |
---------------+-------------+-----
Transmutations | 2 3 |  3.4
Ice Magic      | 1 2 |  2.1
Invocations    | 1 |  1.4
Shields        | 1 |  1.0
Fighting       | |  1.0
Dodging        | |  1.7
Unarmed Combat | |  2.6
Spellcasting   | |  2.0

Action                   |  1- 3 |  4- 6 || total
-------------------------+-------+-------++-------
Melee: Unarmed           |    26 |       ||    26
       Headbutt          |     3 |     2 ||     5
       Punch             |     5 |       ||     5
       Kick              |     1 |     3 ||     4
       Dagger            |   155 |    54 ||   209
       Falchion          |       |     6 ||     6
Throw: Stone             |    70 |    32 ||   102
       Dart              |    12 |       ||    12
 Cast: Beastly Appendage |     1 |     4 ||     5
       Wereblood         |       |     2 ||     2
  Use: Potion            |     4 |     5 ||     9
       Scroll            |       |     7 ||     7
 Stab: Sleeping          |     1 |       ||     1
Armor: Skin              |    42 |       ||    42
       Robe              |    49 |    20 ||    69
Dodge: Dodged            |    97 |    47 ||   144
Block: Kite shield       |    21 |    40 ||    61

Levels and vault maps discovered:
D:1:      lightli_arrival_flooded_house, layout_basic
D:2:      layout_loops_ring, basic_ecumenical_altar, fountainhead,
          hangedman_abyss_or_decor_lesser_grid
D:3:      layout_basic, overflow_temple_1_default,
          minmay_misc_feat_secret_circle
D:4:      layout_rooms, lemuel_doored_altar, minmay_temple_entry_sparse_star,
          minivault_24, nrook_mini_backslash, uniq_duvessa, uniq_natasha

Notes
Turn   | Place    | Note
-------+----------+-------------------------------------------
     0 | D:1      | spaghetti the Demonspawn Transmuter began the quest for the
                  | Orb.
     0 | D:1      | Reached XP level 1. HP: 15/15 MP: 3/3
     0 | D:1      | magus.rc [v1.9.6]
    20 | D:1      | Reached skill level 2 in Transmutations
    25 | D:1      | HP: 5/22 [bat (1)]
    34 | D:1      | HP: 1/22 [rat (2)]
    39 | D:1      | Gained mutation: You are partially covered in thin metallic
                  | scales. (AC +2) [demonic ancestry]
    39 | D:1      | Reached XP level 2. HP: 3/21 MP: 5/5
   733 | D:1      | You add the spells Ozocubu's Armour and Ozocubu's
                  | Refrigeration to your library.
  1052 | D:1      | Reached skill level 3 in Transmutations
  1055 | D:1      | Learned a level 2 spell: Wereblood
  1275 | D:2      | Reached XP level 3. HP: 11/26 MP: 6/6
  1608 | D:2      | Reached skill level 1 in Ice Magic
  2113 | D:2      | You pick up a book of Vapours and begin reading...
  2113 | D:2      | You add the spells Poisonous Vapours and Corpse Rot to your
                  | library.
  2133 | D:2      | Found a faded altar of an unknown god.
  2331 | D:2      | Prayed at the altar of an unknown god.
  2331 | D:2      | Became a worshipper of Fedhas Madash
  2331 | D:2      | Reached * piety under Fedhas
  2661 | D:3      | You pick up a book of Maledictions and begin reading...
  2661 | D:3      | You add the spells Tukima's Dance, Anguish and Enfeeble to
                  | your library.
  2980 | D:3      | Reached XP level 4. HP: 32/32 MP: 7/7
  2989 | D:3      | HP: 7/32 [orc/+0 whip (3)]
  3361 | D:3      | Gained mutation: Your body sometimes deteriorates upon
                  | taking damage. [potion of mutation]
  3903 | D:3      | Found an iron altar of Okawaru.
  4052 | D:3      | Reached skill level 1 in Invocations
  4059 | D:3      | Reached skill level 1 in Shields
  4059 | D:3      | Reached skill level 2 in Ice Magic
  4349 | D:4      | Noticed Natasha
  4358 | D:4      | HP: 6/32 [ball python (3)]
  4364 | D:4      | HP: 3/32 [ball python (1)]
  4372 | D:4      | HP: 2/32 [orc/+0 club (2)]
  4374 | D:4      | Frozen to death by an endoplasm

Vanquished Creatures
  3 adders
  A worm (D:3)
  A dart slug (D:1)
  5 orcs (D:3)
  6 ball pythons
  6 bats
  3 endoplasms
  A giant cockroach (D:2)
  6 goblins
  2 hobgoblins
  7 jackals
  5 kobolds
  2 frilled lizards
  4 rats
52 creatures vanquished.

Vanquished Creatures (collateral kills)
  An orc priest (D:3)
  2 orcs (D:3)
3 creatures vanquished.

Vanquished Creatures (others)
  A plant (D:1)
1 creature vanquished.

Grand Total: 56 creatures vanquished

Table legend:
 A = Non-vault XP
 B = Vault XP
 C = Vault XP percentage of total XP
 D = Non-vault monster count
 E = Vault monster count
 F = Vault count percentage of total count
                 A         B        C        D         E       F
            +---------+---------+-------+---------+---------+-------
      Total |     178 |       0 |   0.0 |      55 |       0 |   0.0
            +---------+---------+-------+---------+---------+-------
        D:1 |      33 |       0 |   0.0 |      18 |       0 |   0.0
        D:2 |      40 |       0 |   0.0 |      16 |       0 |   0.0
        D:3 |     102 |       0 |   0.0 |      19 |       0 |   0.0
        D:4 |       3 |       0 |   0.0 |       2 |       0 |   0.0
            +---------+---------+-------+---------+---------+-------

Illustrated notes

Table legend:
 A = Kills in this place as a percentage of kills in entire the game.
 B = Kills by you in this place as a percentage of kills by you in the entire game.
 C = Kills by friends in this place as a percentage of kills by friends in the entire game.
 D = Other kills in this place as a percentage of other kills in the entire game.
 E = Experience gained in this place as a percentage of experience gained in the entire game.
 F = Experience gained in this place divided by the number of levels of this place that you have seen.
                   A       B       C       D       E      F
               +-------+-------+-------+-------+-------+----------------------
         Total | 100.0 | 100.0 | 100.0 |   N/A | 100.0 |  44.5
       Dungeon | 100.0 | 100.0 | 100.0 |   N/A | 100.0 |  44.5
               +-------+-------+-------+-------+-------+----------------------

Table legend: (Time is in decaauts)
 A = Elapsed time spent in this place.
 B = Non-inter-level travel time spent in this place.
 C = Inter-level travel time spent in this place.
 D = Time resting spent in this place.
 E = Time spent auto-exploring this place.
 F = Levels seen in this place.
 G = Mean time per level.
                   A        B        C        D        E       F      G
               +--------+--------+--------+--------+--------+-----+--------+
         Total |   4421 |   4294 |    127 |    681 |   3002 |   4 | 1105.2 |
       Dungeon |   4421 |   4294 |    127 |    681 |   3002 |   4 | 1105.2 |
               +--------+--------+--------+--------+--------+-----+--------+

Top non-repeatable levels by time:
     D:3: 1820 daAuts
     D:2: 1401 daAuts
     D:1: 1160 daAuts
     D:4: 40 daAuts
